 Dungeon Crawl Stone Soup version 0.27-a0-808-g60bc5d92e6 (webtiles) character file.

Game seed: 12800670573773010416

44 HoaS the Insei (level 3, -1/27 HPs)
             Began as a Djinni Transmuter on Mar 28, 2021.
             Slain by a black bear (2 damage)
             ... on level 2 of the Dungeon.
             The game lasted 00:04:53 (2309 turns).

HoaS the Insei (Djinni Transmuter)                  Turns: 2309, Time: 00:04:54

Health: -1/27      AC:  3    Str:  9    XL:     3   Next: 60%
Gold:   34         EV: 12    Int: 15    God:
                   SH:  0    Dex: 13

rFire    + + .     SeeInvis .     - Unarmed
rCold    x . .     Faith    .   (no shield)
rNeg     . . .     Spirit   .   a - +0 robe
rPois    ∞         Reflect  .   d - +0 helmet
rElec    .         Harm     .   (no cloak)
rCorr    .         Rampage  .   (no gloves)
Will     .....                  (boots unavailable)
Stlth    +.........             (no amulet)
HPRegen  0.09/turn              (no ring)
MPRegen  0.00/turn              (no ring)

@: flying
A: fire resistance 2, cold vulnerability 1, float, innate caster, hp casting,
extra vitality 1
a: no special abilities


You were on level 2 of the Dungeon.
You visited 1 branch of the dungeon, and saw 2 of its levels.

You collected 34 gold pieces.

Inventory:

Armour
 a - a +0 robe (worn)
 d - a +0 helmet (worn)
Wands
 f - a wand of digging (6)
Scrolls
 b - 3 scrolls of teleportation
 c - 3 scrolls of identify
Potions
 e - a potion of ambrosia
 g - 2 potions of curing {unknown}


   Skills:
 + Level 1.6 Fighting
 + Level 2.7 Dodging
 * Level 3.7 Unarmed Combat
 + Level 2.1 Spellcasting


You couldn't memorise any spells.
You knew the following spells:

 Your Spells              Type           Power      Damage    Failure   Level
a - Beastly Appendage     Tmut           14%        N/A       10%         1
b - Wereblood             Tmut           7%         N/A       14%         2
c - Spider Form           Tmut/Pois      3%         N/A       28%         3
d - Ice Form              Ice/Tmut       7%         N/A       67%         4
e - Blade Hands           Tmut           3%         N/A       95%         5
f - Foxfire               Conj/Fire      28%        2x1d5     10%         1
Your spell library was empty.

Dungeon Overview and Level Annotations

Branches:
Dungeon (2/15)

Altars:
Gozag

Shops:
D:2 *


Innate Abilities, Weirdness & Mutations

You are immune to poison.
Your flesh is very heat resistant. (rF++)
You are vulnerable to cold. (rC-)
You float through the air rather than walking.
You learn spells naturally, not from books.
Your magical power is your life essence.
You have superior vitality. (+4 HP)


Message History

Things that are here:
a +0 club; a bat corpse; a goblin corpse
g - a fuming silvery potion
Found a ring mail.
There is a stone staircase leading down here.
g - 2 fuming silvery potions (gained 1)
You see here a +0 ring mail.
A black bear comes into view.
The black bear growls angrily.
A black bear is nearby!
A black bear is nearby!
Casting: Beastly Appendage (safe; 10% risk of failure)
Confirm with . or Enter, or press ? or * to list all spells.
The spell is extremely dangerous to cast (28% risk of failure)!
Continue anyway?
Okay, then.
A black bear is nearby!
The black bear bites you! The black bear claws you.
The black bear closely misses you.
You hit the black bear but do no damage.
The black bear closely misses you. The black bear claws you.
The black bear barely misses you.
You barely miss the black bear. The black bear closely misses you.
The black bear claws you. The black bear completely misses you.
You barely miss the black bear. The black bear misses you.
The black bear barely misses you.
The black bear claws you but does no damage.
You hit the black bear.
The black bear is moderately wounded.
You hit the black bear but do no damage.
The black bear is moderately wounded.
The black bear bites you!
* * * LOW HITPOINT WARNING * * *
The black bear barely misses you. The black bear claws you.
* * * LOW HITPOINT WARNING * * *
You hit the black bear.
The black bear is moderately wounded.
The black bear closely misses you. The black bear claws you.
* * * LOW HITPOINT WARNING * * *
The black bear claws you.
You die...

############.#
#.....@h.....#
#.############ #.#
#.# #.# #.# #.# ###
#######.# #.. ..
#.......###########.#
.#


You could see a black bear.

Vanquished Creatures
  An adder (D:2)
  A dart slug (D:2)
  3 bats
  2 endoplasms (D:1)
  2 giant cockroaches
  4 goblins
  2 hobgoblins
  A quokka (D:1)
  6 ball pythons
  3 frilled lizards
  3 kobolds
  6 rats
34 creatures vanquished.

Notes
Turn   | Place    | Note
-------+----------+-------------------------------------------
     0 | D:1      | HoaS the Djinni Transmuter began the quest for the Orb.
     0 | D:1      | Reached XP level 1. HP: 17/17 MP: 0/0
   145 | D:1      | You are sucked into a shaft and drop 1 floor!
   229 | D:2      | Reached XP level 2. HP: 19/22 MP: 0/0
   858 | D:1      | You are sucked into a shaft and drop 1 floor!
   941 | D:2      | Found Gozag's Platinum Reserve.
   946 | D:2      | Found an opulent altar of Gozag.
  1334 | D:1      | Reached XP level 3. HP: 14/27 MP: 0/0
  1334 | D:1      | Learned a level 1 spell: Foxfire
  2300 | D:2      | Noticed a black bear
  2309 | D:2      | HP: 1/27 [black bear (3)]
  2309 | D:2      | Slain by a black bear

Illustrated notes

Levels and vault maps discovered:
D:1:      dpeg_arrival_ternary, layout_rooms
D:2:      layout_loops_ring, nicolae_gozag_zags_fifth_avenue

Skill      XL: |  1  2 |
---------------+-------+-----
Spellcasting   | 2 |  2.1
Fighting       | |  1.6
Dodging        | |  2.7
Unarmed Combat | |  3.7

Action                   || total
-------------------------++-------
Melee: Unarmed           ||   176
       Punch             ||     1
  Use: Scroll            ||     2
 Stab: Sleeping          ||     2
Armor: Robe              ||    36
Dodge: Dodged            ||   103

Table legend: (Time is in decaauts)
 A = Elapsed time spent in this place.
 B = Non-inter-level travel time spent in this place.
 C = Inter-level travel time spent in this place.
 D = Time resting spent in this place.
 E = Time spent auto-exploring this place.
 F = Levels seen in this place.
 G = Mean time per level.
                   A        B        C        D        E       F      G
               +--------+--------+--------+--------+--------+-----+--------+
         Total |   2298 |   2269 |     29 |   1227 |    653 |   2 | 1149.0 |
       Dungeon |   2298 |   2269 |     29 |   1227 |    653 |   2 | 1149.0 |
               +--------+--------+--------+--------+--------+-----+--------+

Top non-repeatable levels by time:
     D:1: 1365 daAuts
     D:2: 932 daAuts
